 Dungeon Crawl Stone Soup version 0.30.0-7-g0c4daa9e05 (webtiles) character file.

Game seed: 17305208952909073534

499 Kenran the Magician (level 7, -7/45 HPs)
             Began as a Djinni Fire Elementalist on May 13, 2023.
             Mangled by Duvessa
             ... wielding a +0 short sword
              (9 damage)
             ... on level 5 of the Dungeon.
             The game lasted 00:09:07 (3429 turns).

Kenran the Magician (Djinni Fire Elementalist)      Turns: 3429, Time: 00:09:08

Health: -7/45      AC:  7    Str:  7    XL:     7   Next: 39%
Gold:   298        EV: 13    Int: 18    God:
                   SH:  0    Dex: 14

rFire   + + +        g - staff of fire {!a}
rCold   . . .        (no shield)
rNeg    . . .        a - +1 robe
rPois   ∞            i - +0 helmet
rElec   .            s - +1 cloak
rCorr   .            x - +0 pair of gloves
SInv    .            (boots unavailable)
Will    .....        (no amulet)
Stlth   ++           C - ring of protection from cold
HPRegen 0.27/turn    (no ring)
MPRegen 0.00/turn

%: infuse magic (-8 HP)
@: flying
A: sickness immunity, fire resistance 2, cold vulnerability 1, float, innate
caster, HP casting, extra vitality 1
a: no special abilities


You were on level 5 of the Dungeon.
You visited 1 branch of the dungeon, and saw 5 of its levels.

You collected 298 gold pieces.


Innate Abilities, Weirdness & Mutations

You are immune to sickness and miasma.
You are immune to poison.
Your flesh is very heat resistant. (rF++)
You are vulnerable to cold. (rC-)
You float through the air rather than walking.
You learn spells naturally, not from books.
Your magical power is your life essence.
You have superior vitality. (+4 MHP)


   Skills:
 + Level 2.9 Dodging
 - Level 1.5 Stealth
 - Level 6.0 Spellcasting


You knew the following spells:

 Your Spells              Type           Power      Damage    Failure   Level
a - Necrotise             Necr           100%       1d9       1%          1
f - Foxfire               Conj/Fire      100%       2x1d9     1%          1
i - Inner Flame           Hex/Fire       40%        N/A       3%          3
l - Lesser Beckoning      Tloc           54%        N/A       1%          2
v - Vampiric Draining     Necr           27%        2d7       3%          3
X - Scorch                Fire           80%        2d8       1%          2
Y - Volatile Blastmotes   Fire/Tloc      80%        2d16      3%          3
Z - Flame Wave            Conj/Fire      40%        2d11      10%         4
Your spell library was empty.

Inventory:

Hand Weapons
 d - a +2 short sword of venom
   (You found it on level 1 of the Dungeon)
Missiles
 e - 11 poisoned darts
Armour
 a - a +1 robe (worn)
 i - a +0 helmet (worn)
   (You found it on level 2 of the Dungeon)
 s - a +1 cloak (worn)
   (You found it on level 3 of the Dungeon)
 v - a +0 buckler
   (You found it on level 4 of the Dungeon)
 x - a +0 pair of gloves (worn)
   (You found it on level 4 of the Dungeon)
Magical Staves
 g - a staff of fire (weapon) {!a}
   (You found it on level 1 of the Dungeon)
 p - a staff of earth {!a}
   (You found it on level 3 of the Dungeon)
Jewellery
 C - a ring of protection from cold (left hand)
   (You found it on level 4 of the Dungeon)
Wands
 t - a wand of charming (1)
   (You found it on level 4 of the Dungeon)
 y - a wand of acid (10)
   (You found it on level 5 of the Dungeon)
Scrolls
 c - 5 scrolls of identify {unknown}
 f - a scroll of enchant armour
 j - 2 scrolls of teleportation {unknown}
 o - a scroll of enchant weapon {unknown}
 q - a scroll of fear {unknown}
 r - a scroll of brand weapon {unknown}
 u - a scroll of immolation {unknown}
Potions
 b - a potion of heal wounds {unknown}
 h - 3 potions of curing {unknown}
 k - a potion of lignification {unknown}
 l - a potion of brilliance {unknown}
 m - a potion of mutation {unknown}
 n - a potion of invisibility {unknown}
 w - a potion of cancellation {unknown}

Dungeon Overview and Level Annotations

Branches:
Dungeon (5/15) Zot: 26570
 Temple: D:4-7

Altars:

Shops:
D:4 *

Annotations:
D:5 Duvessa

#.†.# #.#
######...# #.#
.........# #.#
..###....#
#.######## ##...#
#........#
#...############.#
#........... #.#
...####..######.#
#.#
.......@........#
#(.
...####.e###...##.#
### ##..))......#
#.. #####o#..###
#.. .# # ### e. ...
e..# ..o.


You could see Duvessa (berserk, combustible).


Message History

Found a stone staircase leading down.
Casting: Scorch (safe; 1% risk of failure)
Confirm with . or Enter, or press ? or * to list all spells.
You feel a surge of power!
Flames lash the iguana.
The iguana's fire resistance burns away. 😕 HP[-2]
You take 2 damage, and now have 40/45 hp.
Casting: Scorch (safe; 1% risk of failure)
Confirm with . or Enter, or press ? or * to list all spells.
The spell is quite dangerous to miscast (11% risk of failure)!
Continue anyway?
Okay, then.
Unknown command.
Unknown command.
Casting: Flame Wave (quite dangerous; 11% risk of failure)
Confirm with . or Enter, or press ? or * to list all spells.
Okay, then.
Casting: Flame Wave (quite dangerous; 11% risk of failure)
Confirm with . or Enter, or press ? or * to list all spells.
You feel a surge of power!
Flames lash the iguana.
The iguana is burned terribly!
You kill the iguana!
Training target 6.0 for Spellcasting reached!
Your Spellcasting skill increases to level 6!
You need to enable at least one skill for training. 😕 HP[-1]
You take 1 damage, and now have 39/45 hp. 😕 HP[+1]
y - a wand of acid (10) 😕 HP[+1] Duvessa, Dowan and an orc come into view.
Duvessa is wielding a +0 short sword and carrying a wand of roots (3).
The orc shouts!
Duvessa shouts!
You hear a shout!
Dowan shouts!
You hear a shout! 😎 HP[+4]
Your hp is fully restored (45).
Casting: Scorch (safe; 1% risk of failure)
Confirm with . or Enter, or press ? or * to list all spells.
You feel a surge of power!
Flames lash Dowan.
Dowan's fire resistance burns away. 😕 HP[-2]
You take 2 damage, and now have 43/45 hp.
Casting: Scorch (safe; 1% risk of failure)
Confirm with . or Enter, or press ? or * to list all spells.
You feel a surge of power!
Flames lash Dowan.
Dowan is burned terribly!
You kill Dowan!
You hear a distant scream of rage.
You hear a shout! 😕 HP[-2]
You take 2 damage, and now have 41/45 hp.
Casting: Scorch (safe; 1% risk of failure)
Confirm with . or Enter, or press ? or * to list all spells.
You feel a surge of power!
Flames lash Duvessa.
Duvessa's fire resistance burns away.
Duvessa goes berserk!
You hear a shout! 😕 HP[-2]
You take 2 damage, and now have 39/45 hp.
Casting: Scorch (safe; 1% risk of failure)
Confirm with . or Enter, or press ? or * to list all spells.
Okay, then.
Casting: Scorch (safe; 1% risk of failure)
Confirm with . or Enter, or press ? or * to list all spells.
The spell is quite dangerous to miscast (10% risk of failure)!
Continue anyway?
Okay, then.
Casting: Flame Wave (quite dangerous; 10% risk of failure)
Confirm with . or Enter, or press ? or * to list all spells.
You feel a surge of power!
A cloud of volatile blastmotes flares up around you!
Duvessa hits you with a +0 short sword.
You hear a shout! 😕 HP[-4]
You take 4 damage, and now have 35/45 hp.
Duvessa attacks as you move away! Duvessa hits you with a +0 short sword!
* * * LOW HITPOINT WARNING * * *
Duvessa rages.
The cloud of blastmotes explodes!
The concussive blast engulfs Duvessa!!
Duvessa is burned terribly!
The concussive blast engulfs you but does no damage.
You are knocked back by the blast.
You hear an angry hiss.
There is a stone staircase leading down here. 😨 HP[-13]
You take 13 damage, and now have 22/45 hp.
MASSIVE DAMAGE!! (PAUSE)
Casting: Volatile Blastmotes (dangerous; 3% risk of failure)
Confirm with . or Enter, or press ? or * to list all spells.
You feel a surge of power!
Flames lash Duvessa.
Duvessa is burned terribly!
* * * LOW HITPOINT WARNING * * *
Duvessa hits you with a +0 short sword!
* * * LOW HITPOINT WARNING * * *
😱 HP[-18]
You take 18 damage, and now have 4/45 hp.
MASSIVE DAMAGE!! (PAUSE)
Casting: Scorch (safe; 1% risk of failure)
Confirm with . or Enter, or press ? or * to list all spells.
You feel a surge of power!
Flames lash the orc.
You kill the orc!
* * * LOW HITPOINT WARNING * * *
Duvessa hits you with a +0 short sword!
You die...

Skill      XL: |  1  2  3  4  5  6  7 |
---------------+----------------------+-----
Spellcasting   | 3 4 5 6 |  6.0
Dodging        | |  2.9
Stealth        | |  1.5

Action                     |  1- 3 |  4- 6 |  7- 9 || total
---------------------------+-------+-------+-------++-------
  Melee: Staff             |     3 |     8 |       ||    11
   Cast: Foxfire           |    41 |    10 |       ||    51
         Scorch            |     7 |    34 |    24 ||    65
         Necrotise         |     1 |       |       ||     1
         Volatile Blastmot |       |     1 |     1 ||     2
    Use: Scroll            |     1 |       |       ||     1
 Armour: Robe              |     9 |     8 |     1 ||    18
  Dodge: Dodged            |    17 |    13 |     4 ||    34

Levels and vault maps discovered:
D:1:      scummos_arrival_simple_fountains, layout_rooms
D:2:      layout_loops_ring, basic_altar, hellmonk_ecumenical_altar_zigzags,
          uniq_crazy_yiuf_cottage
D:3:      wander_river, layout_rooms, roderic_lattice_a,
          minmay_misc_feat_encased, uniq_jessica, uniq_grinder
D:4:      layout_basic, nicolae_shop_fire_sale [nicolae_sub_dead_trees],
          minmay_misc_feat_x
D:5:      layout_basic, old_standard_altar, minmay_temple_entry_glassed_door,
          enter_ossuary_3, nicolae_wormholes, uniq_duvessa, uniq_blork_the_orc

Notes
Turn   | Place    | Note
-------+----------+-------------------------------------------
     0 | D:1      | Kenran the Djinni Fire Elementalist began the quest for the
                  | Orb.
     0 | D:1      | Kenran set off with the following spells memorised:
                  | Foxfire, Scorch, Volatile Blastmotes, Inner Flame, Flame
                  | Wave.
     0 | D:1      | Reached XP level 1. HP: 15/15 MP: 0/0
     0 | D:1      | magus.rc [v1.11.6]
    40 | D:1      | Reached XP level 2. HP: 19/21 MP: 0/0
   129 | D:1      | Reached skill level 3 in Spellcasting
   241 | D:1      | Reached XP level 3. HP: 25/25 MP: 0/0
   241 | D:1      | Learned a level 1 spell: Necrotise
   811 | D:2      | Reached XP level 4. HP: 27/31 MP: 0/0
  1034 | D:2      | Reached skill level 4 in Spellcasting
  1256 | D:2      | Found a runed translucent door.
  1257 | D:2      | Noticed Crazy Yiuf
  1426 | D:2      | Found a faded altar of an unknown god.
  1562 | D:2      | Killed Crazy Yiuf
  1563 | D:2      | Reached XP level 5. HP: 21/35 MP: 0/0
  1563 | D:2      | Learned a level 2 spell: Lesser Beckoning
  1970 | D:3      | Noticed Grinder
  1978 | D:3      | Killed Grinder
  1979 | D:3      | Reached skill level 5 in Spellcasting
  1979 | D:3      | Reached XP level 6. HP: 33/40 MP: 0/0
  2157 | D:3      | Noticed Jessica
  2162 | D:3      | Killed Jessica
  2513 | D:4      | Reached XP level 7. HP: 38/45 MP: 0/0
  2513 | D:4      | Learned a level 3 spell: Vampiric Draining
  2767 | D:4      | Found Bauvugh's Fire Supplies.
  3331 | D:5      | Entered Level 5 of the Dungeon
  3394 | D:5      | Reached skill level 6 in Spellcasting
  3420 | D:5      | Noticed Duvessa
  3420 | D:5      | Noticed Dowan
  3424 | D:5      | Killed Dowan
  3428 | D:5      | HP: 4/45 [Duvessa/+0 short sword (16)]
  3429 | D:5      | Mangled by Duvessa

Vanquished Creatures
  Grinder (D:3)
  Dowan (D:5)
  Crazy Yiuf (D:2)
  Jessica (D:3)
  2 iguanas (D:5)
  7 adders
  A worm (D:2)
  3 dart slugs
  An orc (D:5)
  10 ball pythons
  7 endoplasms
  3 giant cockroaches (D:4)
  3 goblins
  3 hobgoblins (D:1)
  2 jackals (D:4)
  13 kobolds
  6 quokkas
  6 bats
  4 frilled lizards (D:1)
  8 rats
83 creatures vanquished.

Vanquished Creatures (collateral kills)
  An endoplasm (D:2)
  A frilled lizard (D:2)
2 creatures vanquished.

Vanquished Creatures (others)
  81 foxfires
81 creatures vanquished.

Grand Total: 166 creatures vanquished

Table legend:
 A = Non-vault XP
 B = Vault XP
 C = Vault XP percentage of total XP
 D = Non-vault monster count
 E = Vault monster count
 F = Vault count percentage of total count
                 A         B        C        D         E       F
            +---------+---------+-------+---------+---------+-------
      Total |     295 |     422 |  58.9 |      81 |       4 |   4.7
            +---------+---------+-------+---------+---------+-------
        D:1 |      47 |       0 |   0.0 |      29 |       0 |   0.0
        D:2 |      77 |      41 |  34.7 |      23 |       1 |   4.2
        D:3 |      30 |     314 |  91.3 |      11 |       2 |  15.4
        D:4 |      51 |       0 |   0.0 |      14 |       0 |   0.0
        D:5 |      90 |      67 |  42.7 |       4 |       1 |  20.0
            +---------+---------+-------+---------+---------+-------

Skill      XL: |  1  2  3  4  5  6  7 |
---------------+----------------------+-----
Spellcasting   | 3 4 5 6 |  6.0
Dodging        | |  2.9
Stealth        | |  1.5

Action                     |  1- 3 |  4- 6 |  7- 9 || total
---------------------------+-------+-------+-------++-------
  Melee: Staff             |     3 |     8 |       ||    11
   Cast: Foxfire           |    41 |    10 |       ||    51
         Scorch            |     7 |    34 |    24 ||    65
         Necrotise         |     1 |       |       ||     1
         Volatile Blastmot |       |     1 |     1 ||     2
    Use: Scroll            |     1 |       |       ||     1
 Armour: Robe              |     9 |     8 |     1 ||    18
  Dodge: Dodged            |    17 |    13 |     4 ||    34

Illustrated notes

Table legend:
 A = Kills in this place as a percentage of kills in the entire game.
 B = Kills by you in this place as a percentage of kills by you in the entire game.
 C = Kills by friends in this place as a percentage of kills by friends in the entire game.
 D = Other kills in this place as a percentage of other kills in the entire game.
 E = Experience gained in this place as a percentage of experience gained in the entire game.
 F = Experience gained in this place divided by the number of levels of this place that you have seen.
                   A       B       C       D       E      F
               +-------+-------+-------+-------+-------+----------------------
         Total | 100.0 | 100.0 | 100.0 |   N/A | 100.0 | 143.4
       Dungeon | 100.0 | 100.0 | 100.0 |   N/A | 100.0 | 143.4
               +-------+-------+-------+-------+-------+----------------------

Table legend: (Time is in decaauts)
 A = Elapsed time spent in this place.
 B = Non-inter-level travel time spent in this place.
 C = Inter-level travel time spent in this place.
 D = Time resting spent in this place.
 E = Time spent auto-exploring this place.
 F = Levels seen in this place.
 G = Mean time per level.
                   A        B        C        D        E       F      G
               +--------+--------+--------+--------+--------+-----+--------+
         Total |   3428 |   3287 |    141 |    242 |   2449 |   5 |  685.6 |
       Dungeon |   3428 |   3287 |    141 |    242 |   2449 |   5 |  685.6 |
               +--------+--------+--------+--------+--------+-----+--------+

Top non-repeatable levels by time:
     D:2: 1155 daAuts
     D:4: 940 daAuts
     D:3: 660 daAuts
     D:1: 574 daAuts
     D:5: 97 daAuts
